 Dungeon Crawl Stone Soup version 0.30-a0-381-g6ea064c7b4 (webtiles) character file.

Game seed: 17945838790231990279

86 qeuew the Grave Robber (level 4, -4/30 HPs)
             Began as a Mummy Necromancer on Dec 1, 2022.
             Slain by Grinder (6 damage)
             ... on level 3 of the Dungeon.
             The game lasted 00:03:37 (2236 turns).

qeuew the Grave Robber (Mummy Necromancer)          Turns: 2236, Time: 00:03:38

Health: -4/30      AC:  2    Str: 11    XL:     4   Next: 26%
Magic:  9/9        EV: 12    Int: 14    God:
Gold:   140        SH:  0    Dex: 14    Spells: 5/9 levels left

rFire   x . .      SeeInvis .    c - +0 dagger
rCold   + . .      Faith    +    (no shield)
rNeg    + + +      Spirit   .    a - +0 robe
rPois   ∞          Reflect  .    (no helmet)
rElec   .          Harm     .    (no cloak)
rCorr   .          Rampage  .    (no gloves)
Will    .....                    (no boots)
Stlth   +.........               b - amulet of magic regeneration
HPRegen 0.25/turn                (no ring)
MPRegen 0.51/turn                (no ring)

@: silenced
A: cold resistance 1, negative energy resistance 3, torment resistance 2, heat
vulnerability 1, in touch with death 1, no potions, faith
a: no special abilities


You were on level 3 of the Dungeon.
You visited 1 branch of the dungeon, and saw 3 of its levels.

You collected 140 gold pieces.

Inventory:

Hand Weapons
 c - a +0 dagger (weapon)
Armour
 a - a +0 robe (worn)
Jewellery
 b - an amulet of magic regeneration (around neck)
Wands
 i - a wand of polymorph (2)


   Skills:
 + Level 0.8 Short Blades
 + Level 1.1 Armour
 + Level 2.1 Dodging
 + Level 2.1 Stealth
 + Level 3.4 Spellcasting
 + Level 4.3 Necromancy
 + Level 0.0 Evocations


You had 5 spell levels left.
You knew the following spells:

 Your Spells              Type           Power      Damage    Failure   Level
a - Necrotise             Necr           84%        1d8       3%          1
b - Vampiric Draining     Necr           21%        2d7       11%         3

Your spell library contained the following spells:

 Spells                   Type           Power      Damage    Failure   Level
 Blink                    Tloc           4%         N/A       30%         2
 Momentum Strike          Conj/Tloc      4%         3d8       30%         2
 Animate Dead             Necr           21%        N/A       34%         4
 Lesser Beckoning         Tloc           4%         N/A       52%         3
 Agony                    Necr           21%        N/A       67%         5


Dungeon Overview and Level Annotations

Branches:
Dungeon (3/15)

Altars:

Shops:
D:1 (**!   D:3 =

Annotations:
D:3 Grinder


Innate Abilities, Weirdness & Mutations

You are immune to poison.
Your flesh is cold resistant. (rC+)
You are immune to negative energy. (rN+++)
You are immune to unholy pain and torment.
You are vulnerable to heat. (rF-)
You are in touch with the powers of death.
You do not drink.
You have a special connection with the divine. (Faith)


Message History

You see here an inky potion.
Found a stone staircase leading up.
Found 2 grey potions.
Found a stone staircase leading down.
You now have 140 gold pieces (gained 9).
Grinder comes into view.
Grinder is nearby!
Grinder is nearby!
You can't see any susceptible monsters within range! (Use Z to cast anyway.)
You can't see any susceptible monsters within range! (Use Z to cast anyway.)
You can't see any susceptible monsters within range! (Use Z to cast anyway.) Grinder shouts!
You hit Grinder but do no damage. You barely miss Grinder. Grinder hits you.
You closely miss Grinder. Grinder gestures at you.
You suddenly lose the ability to move!
Grinder barely misses you.
You can move again.
You hit Grinder but do no damage. Grinder hits you.
You closely miss Grinder. Grinder hits you.
You hit Grinder.
Grinder is lightly wounded.
Grinder hits you!
You hit Grinder but do no damage.
Grinder is lightly wounded.
Grinder closely misses you.
You closely miss Grinder.
Grinder is lightly wounded.
Grinder hits you!
* * * LOW HITPOINT WARNING * * *
As you read the scroll of silence, it crumbles to dust.
A profound silence engulfs you. Grinder misses you.
You hit Grinder.
Grinder is lightly wounded.
Grinder hits you.
* * * LOW HITPOINT WARNING * * *
You hit Grinder.
Grinder is lightly wounded.
Grinder hits you.
You die...

# #. #.###### ##
######## #.5.##.##.#
#....... #@......#
#.#####. ###...###
#.##..#. ##..#
#.##.##. ######..#
#.....#.
#....#..#####.....#.
##.##.#....!.#.##..#.
#...#.#....#...###...
#...#.#..........##..
#...#.#....##........


You could see Grinder (unsilenced).

Vanquished Creatures
  3 gnolls (D:2)
  An adder (D:2)
  A dart slug (D:1)
  4 bats
  An endoplasm (D:2)
  A giant cockroach (D:2)
  8 goblins
  3 hobgoblins
  4 jackals (D:2)
  A quokka (D:1)
  4 ball pythons
  2 frilled lizards
  5 kobolds
  3 rats (D:1)
41 creatures vanquished.

Notes
Turn   | Place    | Note
-------+----------+-------------------------------------------
     0 | D:1      | qeuew the Mummy Necromancer began the quest for the Orb.
     0 | D:1      | Reached XP level 1. HP: 13/13 MP: 4/4
    37 | D:1      | Found Ceill's General Store.
   185 | D:1      | Found Lob Futyl's Distillery.
   390 | D:1      | Found Inuciul's General Store.
   399 | D:1      | Reached XP level 2. HP: 19/19 MP: 2/5
   564 | D:1      | Found Moykoy's Weapon Shop.
  1153 | D:2      | Gained mutation: You are in touch with the powers of death.
                  | [Mummy growth]
  1153 | D:2      | Reached XP level 3. HP: 24/24 MP: 5/7
  1157 | D:2      | Learned a level 3 spell: Vampiric Draining
  1367 | D:2      | Reached skill level 1 in Armour
  1369 | D:2      | HP: 1/24 [gnoll/+0 club (8)]
  1379 | D:2      | Reached XP level 4. HP: 4/30 MP: 7/9
  2106 | D:3      | Found Bukiciuq's Jewellery Shoppe.
  2221 | D:3      | Noticed Grinder
  2227 | D:3      | Paralysed by Grinder for 2 turns
  2236 | D:3      | Slain by Grinder

Illustrated notes

Levels and vault maps discovered:
D:1:      co_arrival_random_square_maze, layout_basic, serial_shops,
          nicolae_shop_temple_entry_statues_fountains, nicolae_diamond_shop,
          nicolae_lakefront_shop, shop, hangedman_decor_opposing
D:2:      layout_loops_corners, minmay_tromino_v4_c
D:3:      layout_loops_cross, serial_shops, shop, serial_co_window_serial,
          co_window_of_opportunity_a, co_window_paths_a, co_window_corner_a,
          co_window_cross_1, co_window_paths_a, co_window_broadway_b,
          co_window_broadway_c, co_window_2corner, co_window_corner_ca,
          co_window_corner_b, co_window_corner_cb, co_window_2corner,
          glass_columns_b, glass_columns_a, glass_columns_c, st_stairs_12,
          minmay_misc_feat_rugged, uniq_grinder

Skill      XL: |  1  2  3 |
---------------+----------+-----
Spellcasting   | 3 |  3.4
Stealth        | 2 |  2.1
Dodging        | 2 |  2.1
Armour         | 1 |  1.1
Short Blades   | |  0.8
Necromancy     | |  4.3

Action                   |  1- 3 |  4- 6 || total
-------------------------+-------+-------++-------
Melee: Unarmed           |    12 |       ||    12
       Dagger            |     7 |    11 ||    18
 Cast: Necrotise         |    68 |    13 ||    81
  Use: Scroll            |       |     5 ||     5
Armor: Robe              |     4 |     5 ||     9
Dodge: Dodged            |    32 |     8 ||    40

Table legend: (Time is in decaauts)
 A = Elapsed time spent in this place.
 B = Non-inter-level travel time spent in this place.
 C = Inter-level travel time spent in this place.
 D = Time resting spent in this place.
 E = Time spent auto-exploring this place.
 F = Levels seen in this place.
 G = Mean time per level.
                   A        B        C        D        E       F      G
               +--------+--------+--------+--------+--------+-----+--------+
         Total |   2234 |   2147 |     87 |      0 |   1870 |   3 |  744.7 |
       Dungeon |   2234 |   2147 |     87 |      0 |   1870 |   3 |  744.7 |
               +--------+--------+--------+--------+--------+-----+--------+

Top non-repeatable levels by time:
     D:2: 1049 daAuts
     D:1: 907 daAuts
     D:3: 277 daAuts
